 Dungeon Crawl Stone Soup version 0.30-a0-651-g0755cc6dcf (webtiles) character file.

Game seed: 4349790580631095761

36 M4edhros the Charlatan (level 3, -1/24 HPs)
             Began as an Octopode Artificer on Jan 18, 2023.
             Slain by Terence
             ... wielding a +2 mace of holy wrath
              (9 damage)
             ... on level 2 of the Dungeon.
             The game lasted 00:00:51 (650 turns).

M4edhros the Charlatan (Octopode Artificer)          Turns: 650, Time: 00:00:51

Health: -1/24      AC:  1    Str: 11    XL:     3   Next: 37%
Magic:  3/3        EV: 13    Int: 13    God:
Gold:   48         SH:  0    Dex: 14    Spells: 2/2 levels left

rFire   . . .      SeeInvis .    (no weapon)
rCold   . . .      Faith    .    (no shield)
rNeg    . . .      Spirit   .    (helmet restricted)
rPois   .          Reflect  .    (no amulet)
rElec   .          Harm     .    (no ring)
rCorr   .          Rampage  .    (no ring)
Will    .....                    (no ring)
Stlth   +++                      (no ring)
HPRegen 0.24/turn                (no ring)
MPRegen 0.08/turn                (no ring)
                                 (no ring)
                                 (no ring)

@: no status effects
A: almost no armour, amphibious, 8 rings, camouflage 1, gelatinous body 1,
(nimble swimmer 1), tentacles
a: no special abilities


You were on level 2 of the Dungeon.
You visited 1 branch of the dungeon, and saw 2 of its levels.

You collected 48 gold pieces.

Inventory:

Wands
 b - a wand of flame (13) (quivered)
 c - a wand of charming (13)
 d - a wand of iceblast (5)
Scrolls
 e - a scroll of silence {unknown}
 h - a scroll of identify {unknown}
 j - a scroll of teleportation {unknown}
Potions
 a - a potion of curing {unknown}
 f - a potion of flight {unknown}
 g - 2 potions of heal wounds {unknown}
 i - a potion of degeneration {unknown}


   Skills:
 + Level 1.7 Fighting
 + Level 2.8 Dodging
 + Level 2.5 Stealth
 + Level 3.7 Evocations


You had 2 spell levels left.
You didn't know any spells.
Your spell library was empty.

Dungeon Overview and Level Annotations

Branches:
Dungeon (2/15)

Altars:

Annotations:
D:2 Terence


Innate Abilities, Weirdness & Mutations

You cannot wear most types of armour.
You are amphibious.
You can wear up to eight rings at the same time.
Your skin changes colour to match your surroundings (Stealth+).
Your rubbery body absorbs attacks. (AC +1, EV +1)
((You are camouflaged when in or above water. (Stealth+)))
You have tentacles for arms and can constrict up to eight enemies at once.


Message History

Terence hits something with a +2 mace of holy wrath!
You feel a bit more experienced.
You start resting.
HP restored.
Terence is nearby!
Terence is nearby!
Terence is nearby!
Terence is nearby!
No target in view!
No target in view!
Aiming: Throw Flame
Press: ? - help, Shift-Dir - straight line, f - Terence
Aim: Terence, wielding a +2 mace of holy wrath and wearing a +0 scale mail (wandering, hasn't noticed you, 75% to hit)
The puff of flame hits Terence.
Terence is lightly wounded.
Terence shouts!
Aiming: Throw Flame
Press: ? - help, Shift-Dir - straight line, f/p - Terence
Aim: Terence, wielding a +2 mace of holy wrath and wearing a +0 scale mail (lightly wounded, 75% to hit)
The puff of flame hits Terence!
Terence is moderately wounded.
You barely miss Terence. You grab Terence.
Terence is moderately wounded.
You constrict Terence, but do no damage.
Terence misses you.
You tentacle-slap Terence.
Terence is heavily wounded.
You constrict Terence.
Terence hits you with a +2 mace of holy wrath!
You tentacle-slap Terence but do no damage.
You squeeze Terence.
Terence is heavily wounded.
You constrict Terence, but do no damage.
Terence hits you with a +2 mace of holy wrath!
* * * LOW HITPOINT WARNING * * *
You tentacle-slap Terence but do no damage.
Terence is heavily wounded.
You constrict Terence.
Terence hits you with a +2 mace of holy wrath!
You die...

#.######........#
#.#........#....#
#.#.###.#<.#....# #####
#.# #..)..#....##.....
#.# #..#..............
#.#.##..####.....#.####
#.#...<......).........
#.#####.#.####...###.##
#.....@@.............#
#######)..#####.#####
..>.........
g..$....####..#
#........+ #..#
#........# #..#
####+#####


You could see Terence.

Vanquished Creatures
  A dart slug (D:1)
  2 bats
  3 endoplasms (D:1)
  2 giant cockroaches (D:1)
  4 goblins
  3 hobgoblins (D:1)
  A quokka (D:1)
  A ball python (D:1)
  2 kobolds (D:1)
  A rat (D:1)
20 creatures vanquished.

Vanquished Creatures (collateral kills)
  An adder (D:2)
  A goblin (D:2)
2 creatures vanquished.

Grand Total: 22 creatures vanquished

Notes
Turn   | Place    | Note
-------+----------+-------------------------------------------
     0 | D:1      | M4edhros the Octopode Artificer began the quest for the
                  | Orb.
     0 | D:1      | Reached XP level 1. HP: 13/13 MP: 1/1
   165 | D:1      | Reached XP level 2. HP: 14/18 MP: 2/2
   455 | D:2      | Reached XP level 3. HP: 13/23 MP: 3/3
   540 | D:2      | Noticed Terence
   650 | D:2      | Slain by Terence

Illustrated notes

Levels and vault maps discovered:
D:1:      dpeg_arrival_rhombi, layout_loops_ring, nrook_loot_triangle
D:2:      layout_basic, uniq_natasha, uniq_terence

Skill      XL: |  1  2 |
---------------+-------+-----
Stealth        | 2 |  2.5
Fighting       | |  1.7
Dodging        | |  2.8
Evocations     | |  3.7

Action                   || total
-------------------------++-------
Melee: Unarmed           ||    67
       Constrict         ||    17
       Tentacles         ||    14
       Punch             ||     1
Evoke: Wand              ||     4
 Stab: Sleeping          ||     8
Armor: Skin              ||     9
Dodge: Dodged            ||    49

Table legend: (Time is in decaauts)
 A = Elapsed time spent in this place.
 B = Non-inter-level travel time spent in this place.
 C = Inter-level travel time spent in this place.
 D = Time resting spent in this place.
 E = Time spent auto-exploring this place.
 F = Levels seen in this place.
 G = Mean time per level.
                   A        B        C        D        E       F      G
               +--------+--------+--------+--------+--------+-----+--------+
         Total |    649 |    636 |     13 |     73 |    366 |   2 |  324.5 |
       Dungeon |    649 |    636 |     13 |     73 |    366 |   2 |  324.5 |
               +--------+--------+--------+--------+--------+-----+--------+

Top non-repeatable levels by time:
     D:1: 425 daAuts
     D:2: 224 daAuts
